IL
ROUND ROCK EXPRESS @ SCRANTON WB RAILRIDERS
09/02/2047
 
TOP OF THE 1ST
Round Rock Express batting - Pitching for Scranton WB RailRiders : RHP Tim Catalano
Pitching: RHP Tim Catalano
Batting: RHB Casey Semenza 0-0: Ball
1-0: Foul Ball, location: 2F
1-1: Ground out 1-3 (Groundball, 13S, EV 63.8 MPH)
Batting: RHB Andy Wasierski 0-0: Swinging Strike
0-1: Ball
1-1: Ball
2-1: Ground out 6-3 (Groundball, 6, EV 91.2 MPH)
Batting: LHB Alejandro Soriano 0-0: Ball
1-0: Ground out 4-3 (Groundball, 4, EV 108.1 MPH)
Top of the 1st over - 0 runs, 0 hits, 0 errors, 0 left on base; Round Rock 0 - Scranton WB 0
BOTTOM OF THE 1ST
Scranton WB RailRiders batting - Pitching for Round Rock Express : RHP Westin Silveira
Pitching: RHP Westin Silveira
Batting: RHB Devon Utley 0-0: SINGLE (Flyball, 8RS, EV 99.4 MPH)
Batting: SHB Edwin Dominguez 0-0: Foul Ball, location: 2F
0-1: Ball
1-1: Fly out, F8 (Flyball, 8LD, EV 92.5 MPH)
Runner from 1st tags up, SAFE at 2nd
Batting: SHB Mukhtar Wa'il 0-0: Called Strike
0-1: Foul Ball, location: 2F
0-2: Ball
1-2: Fly out, F6 (Popup, 56D, EV 50.6 MPH)
Batting: SHB Victor Ruiz 0-0: Ball
1-0: Swinging Strike
1-1: Called Strike
1-2: Strikes out swinging
Bottom of the 1st over - 0 runs, 1 hit, 0 errors, 1 left on base; Round Rock 0 - Scranton WB 0
TOP OF THE 2ND
Round Rock Express batting - Pitching for Scranton WB RailRiders : RHP Tim Catalano
Batting: RHB Kurt Wagner 0-0: Foul Ball, location: 2F
0-1: Called Strike
0-2: Ball
1-2: Foul Ball, location: 2F
1-2: Ground out 6-3 (Groundball, 6, EV 106.9 MPH)
Batting: SHB David Simpson 0-0: Foul Ball, location: 2F
0-1: Foul Ball, location: 2F
0-2: Ball
1-2: Ball
2-2: Strikes out swinging, 2-3 out at first.
Batting: RHB Ivan Colon 0-0: Called Strike
0-1: Ground out U3 (Groundball, 34, EV 80.0 MPH)
Top of the 2nd over - 0 runs, 0 hits, 0 errors, 0 left on base; Round Rock 0 - Scranton WB 0
BOTTOM OF THE 2ND
Scranton WB RailRiders batting - Pitching for Round Rock Express : RHP Westin Silveira
Batting: LHB Jose Lebron 0-0: Swinging Strike
0-1: Ball
1-1: Swinging Strike
1-2: Ball
2-2: Strikes out swinging
Batting: RHB Mike Gifford 0-0: Called Strike
0-1: Ball
1-1: Called Strike
1-2: Strikes out swinging
Batting: SHB Joe Fure 0-0: Ball
1-0: Ball
2-0: Fly out, F9 (Flyball, 9D, EV 95.0 MPH)
Bottom of the 2nd over - 0 runs, 0 hits, 0 errors, 0 left on base; Round Rock 0 - Scranton WB 0
TOP OF THE 3RD
Round Rock Express batting - Pitching for Scranton WB RailRiders : RHP Tim Catalano
Batting: LHB Lee Gerken 0-0: Called Strike
0-1: Ball
1-1: Swinging Strike
1-2: Strikes out swinging
Batting: RHB Bobby Keithley 0-0: Called Strike
0-1: Ground out 5-3 (Groundball, 56, EV 77.5 MPH)
Batting: SHB Alvare Bairro 0-0: Called Strike
0-1: TRIPLE (Flyball, 89XD, EV 106.2 MPH)
Batting: RHB Casey Semenza 0-0: Ball
1-0: Called Strike
1-1: Ball
2-1: Ball
3-1: Foul Ball, location: 2F
3-2: Foul Ball, location: 2F
3-2: Ground out 6-3 (Groundball, 6, EV 100.6 MPH)
Top of the 3rd over - 0 runs, 1 hit, 0 errors, 1 left on base; Round Rock 0 - Scranton WB 0
BOTTOM OF THE 3RD
Scranton WB RailRiders batting - Pitching for Round Rock Express : RHP Westin Silveira
Batting: RHB Johannes Gutermuth 0-0: SINGLE (Line Drive, 89M, EV 91.2 MPH)
Batting: RHB Jordan Barragan 0-0: Ball
Johannes Gutermuth steals 2nd base
1-0: Swinging Strike
1-1: Foul Ball, location: 2F
1-2: SINGLE (Flyball, 78S, EV 93.8 MPH)
Johannes Gutermuth to third
Runner from 3rd tries for Home, SAFE, throw by LF to home
Batting: RHB Devon Utley 0-0: Ball
1-0: Ground out 5-3 (Groundball, 56S, EV 66.2 MPH)
Jordan Barragan to second
Batting: SHB Edwin Dominguez 0-0: Called Strike
0-1: Called Strike
0-2: Ball
1-2: Ball
2-2: SINGLE (Line Drive, 78S, EV 93.1 MPH)
Jordan Barragan to third
Batting: SHB Mukhtar Wa'il 0-0: Swinging Strike
0-1: Ball
1-1: Swinging Strike
1-2: Strikes out swinging
Batting: SHB Victor Ruiz 0-0: Ground out 4-3 (Groundball, 4, EV 85.6 MPH)
Bottom of the 3rd over - 1 run, 3 hits, 0 errors, 2 left on base; Round Rock 0 - Scranton WB 1
TOP OF THE 4TH
Round Rock Express batting - Pitching for Scranton WB RailRiders : RHP Tim Catalano
Batting: RHB Andy Wasierski 0-0: Ball
1-0: Ball
2-0: Foul Ball, location: 2F
2-1: Single, Error in OF, E8, batter to second base (Groundball, 4MD, EV 105.0 MPH)
Batting: LHB Alejandro Soriano 0-0: Called Strike
0-1: Ball
1-1: Swinging Strike
1-2: Foul Ball, location: 2F
1-2: Fly out, F7 (Flyball, 7LM, EV 84.4 MPH)
Batting: RHB Kurt Wagner 0-0: Ball
1-0: Ball
2-0: Foul Ball, location: 2F
2-1: Ball
3-1: Foul Ball, location: 2F
3-2: Strikes out swinging
Batting: SHB David Simpson 0-0: Called Strike
0-1: Ground out U3 (Groundball, 34, EV 83.1 MPH)
Top of the 4th over - 0 runs, 1 hit, 1 error, 1 left on base; Round Rock 0 - Scranton WB 1
BOTTOM OF THE 4TH
Scranton WB RailRiders batting - Pitching for Round Rock Express : RHP Westin Silveira
Batting: LHB Jose Lebron 0-0: Fly out, F6 (Line Drive, 6MD, EV 81.2 MPH)
Batting: RHB Mike Gifford 0-0: SINGLE (Line Drive, 4MD, EV 97.5 MPH)
Batting: SHB Joe Fure 0-0: Called Strike
0-1: Ball
1-1: Ball
2-1: SINGLE (Groundball, 34S, EV 62.5 MPH) (infield hit)
Mike Gifford to second
Batting: RHB Johannes Gutermuth 0-0: Called Strike
0-1: Swinging Strike
0-2: Foul Ball, location: 2F
0-2: Foul Ball, location: 2F
0-2: Foul Ball, location: 2F
0-2: Ball
1-2: Strikes out looking
Batting: RHB Jordan Barragan 0-0: Swinging Strike
0-1: Ball
1-1: Fielders Choice at 2nd, U4 (Groundball, 4M, EV 90.0 MPH)
Bottom of the 4th over - 0 runs, 2 hits, 0 errors, 2 left on base; Round Rock 0 - Scranton WB 1
TOP OF THE 5TH
Round Rock Express batting - Pitching for Scranton WB RailRiders : RHP Tim Catalano
Batting: RHB Ivan Colon 0-0: Ball
1-0: Ball
2-0: Called Strike
2-1: Foul Ball, location: 2F
2-2: Ball
3-2: Foul Ball, location: 2F
3-2: Foul Ball, location: 2F
3-2: Ground out 5-3 (Groundball, 56, EV 91.2 MPH)
Batting: LHB Lee Gerken 0-0: Called Strike
0-1: Ball
1-1: Called Strike
1-2: Fly out, F1 (Line Drive, P, EV 68.8 MPH)
Batting: RHB Bobby Keithley 0-0: Ball
1-0: SINGLE (Groundball, 6M, EV 103.8 MPH) (infield hit)
Batting: SHB Alvare Bairro 0-0: Ball
1-0: Called Strike
1-1: Fly out, F9 (Flyball, 9D, EV 81.9 MPH)
Top of the 5th over - 0 runs, 1 hit, 0 errors, 1 left on base; Round Rock 0 - Scranton WB 1
BOTTOM OF THE 5TH
Scranton WB RailRiders batting - Pitching for Round Rock Express : RHP Westin Silveira
Batting: RHB Devon Utley 0-0: Called Strike
0-1: Ball
1-1: Called Strike
1-2: SINGLE (Groundball, 6MD, EV 98.1 MPH)
Batting: SHB Edwin Dominguez 0-0: Ball
Devon Utley steals 2nd base
1-0: Called Strike
Devon Utley is caught stealing 3rd base 2-5
1-1: Swinging Strike
1-2: SINGLE (Groundball, 4MD, EV 103.8 MPH)
Batting: SHB Mukhtar Wa'il 0-0: Called Strike
0-1: Called Strike
0-2: Ball
1-2: Ball
2-2: Grounds into double play, 4-6-3 (Groundball, 4, EV 88.8 MPH)
Bottom of the 5th over - 0 runs, 2 hits, 0 errors, 0 left on base; Round Rock 0 - Scranton WB 1
TOP OF THE 6TH
Round Rock Express batting - Pitching for Scranton WB RailRiders : RHP Tim Catalano
Batting: RHB Casey Semenza 0-0: Ball
1-0: Ball
2-0: Foul Ball, location: 2F
2-1: Called Strike
2-2: Ground out 6-3 (Groundball, 6S, EV 90.0 MPH)
Batting: RHB Andy Wasierski 0-0: Called Strike
0-1: DOUBLE (Flyball, 8RD, EV 86.9 MPH)
Batting: LHB Alejandro Soriano 0-0: Ball
1-0: Ball
2-0: Ball
3-0: Base on Balls
Batting: RHB Kurt Wagner 0-0: Ball
1-0: Foul Ball, location: 2F
1-1: Foul Ball, location: 2F
1-2: Strikes out swinging
Batting: SHB David Simpson 0-0: Called Strike
0-1: Ball
1-1: Foul Ball, location: 2F
1-2: Fly out, F9 (Line Drive, 89M, EV 101.9 MPH)
Top of the 6th over - 0 runs, 1 hit, 0 errors, 2 left on base; Round Rock 0 - Scranton WB 1
BOTTOM OF THE 6TH
Scranton WB RailRiders batting - Pitching for Round Rock Express : RHP Westin Silveira
Batting: SHB Victor Ruiz 0-0: Foul Ball, location: 2F
0-1: Ball
1-1: SOLO HOME RUN (Flyball, 89XD, EV 103.8 MPH), Distance : 408 ft
Batting: LHB Jose Lebron 0-0: Called Strike
0-1: Ball
1-1: Swinging Strike
1-2: Foul Ball, location: 2F
1-2: Ball
2-2: Fly out, F7 (Line Drive, 7LS, EV 91.2 MPH)
Batting: RHB Mike Gifford 0-0: Called Strike
0-1: Ground out 5-3 (Groundball, 56, EV 86.9 MPH)
Batting: SHB Joe Fure 0-0: Ball
1-0: Ball
2-0: Foul Ball, location: 2F
2-1: Swinging Strike
2-2: Foul Ball, location: 2F
2-2: Foul Ball, location: 2F
2-2: Ground out 6-3 (Groundball, 6MS, EV 93.8 MPH)
Bottom of the 6th over - 1 run, 1 hit, 0 errors, 0 left on base; Round Rock 0 - Scranton WB 2
TOP OF THE 7TH
Round Rock Express batting - Pitching for Scranton WB RailRiders : RHP Tim Catalano
Batting: RHB Ivan Colon 0-0: Ball
1-0: Foul Ball, location: 2F
1-1: Foul Ball, location: 2F
1-2: Ball
2-2: Ball
3-2: SINGLE (Groundball, 56D, EV 98.8 MPH)
Batting: LHB Lee Gerken 0-0: Called Strike
0-1: Grounds into double play, 6-4-3 (Groundball, 6, EV 81.2 MPH)
Batting: RHB Bobby Keithley 0-0: Ball
1-0: Ball
2-0: Ball
3-0: Base on Balls
Pitching: RHP Jose Tavira
Batting: SHB Alvare Bairro 0-0: Called Strike
Bobby Keithley steals 2nd, throwing error, E2
Bobby Keithley to third
0-1: SINGLE (Flyball, 8RS, EV 96.2 MPH)
Bobby Keithley scores
Batting: RHB Casey Semenza 0-0: Called Strike
0-1: Foul Ball, location: 2F
0-2: SINGLE (Line Drive, 78S, EV 99.4 MPH)
Alvare Bairro to second
Batting: RHB Andy Wasierski 0-0: Ball
1-0: SINGLE (Groundball, 4MD, EV 110.0 MPH)
Alvare Bairro to third
Casey Semenza to second
Runner from 3rd tries for Home, SAFE, throw by CF to home
Casey Semenza to third
Andy Wasierski to second
Batting: LHB Alejandro Soriano 0-0: Ball
1-0: Swinging Strike
1-1: Ball
2-1: Foul Ball, location: 2F
2-2: Strikes out swinging
Top of the 7th over - 2 runs, 4 hits, 1 error, 2 left on base; Round Rock 2 - Scranton WB 2
BOTTOM OF THE 7TH
Scranton WB RailRiders batting - Pitching for Round Rock Express : RHP Westin Silveira
Batting: RHB Johannes Gutermuth 0-0: Ball
1-0: Fly out, F7 (Flyball, 7LD, EV 106.2 MPH)
Batting: RHB Jordan Barragan 0-0: Ground out 6-3 (Groundball, 6, EV 86.2 MPH)
Batting: RHB Devon Utley 0-0: Ball
1-0: Called Strike
1-1: Called Strike
1-2: Ball
2-2: Strikes out swinging
Bottom of the 7th over - 0 runs, 0 hits, 0 errors, 0 left on base; Round Rock 2 - Scranton WB 2
TOP OF THE 8TH
Round Rock Express batting - Pitching for Scranton WB RailRiders : RHP Jose Tavira
Pitching: RHP Ray Richards
Batting: RHB Kurt Wagner 0-0: Called Strike
0-1: Ball
1-1: Foul Ball, location: 2F
1-2: Foul Ball, location: 2F
1-2: SINGLE (Line Drive, 6MD, EV 101.9 MPH)
Batting: SHB David Simpson 0-0: Foul Ball, location: 2F
0-1: Foul Ball, location: 2F
0-2: Strikes out swinging
Batting: RHB Ivan Colon 0-0: Called Strike
0-1: Ball
Kurt Wagner is caught stealing 2nd base 2-4
1-1: DOUBLE (Groundball, 3L, EV 101.2 MPH)
Batting: LHB Lee Gerken 0-0: Ball
1-0: Foul Ball, location: 2F
1-1: Foul Ball, location: 2F
1-2: Ball
2-2: Foul Ball, location: 2F
2-2: Fly out, F6 (Popup, P, EV 87.5 MPH)
Top of the 8th over - 0 runs, 2 hits, 0 errors, 1 left on base; Round Rock 2 - Scranton WB 2
BOTTOM OF THE 8TH
Scranton WB RailRiders batting - Pitching for Round Rock Express : RHP Westin Silveira
Batting: SHB Edwin Dominguez 0-0: Fly out, F5 (Popup, 5SF, EV 70.0 MPH)
Batting: SHB Mukhtar Wa'il 0-0: Foul Ball, location: 2F
0-1: Ball
1-1: Swinging Strike
1-2: Foul Ball, location: 2F
1-2: Ball
2-2: Ball
3-2: SINGLE (Line Drive, 9LS, EV 107.5 MPH)
Batting: SHB Victor Ruiz 0-0: Ball
1-0: Fielders Choice at 2nd, 3-6 (Groundball, 34, EV 91.2 MPH)
Batting: LHB Jose Lebron 0-0: Ball
1-0: Swinging Strike
1-1: SINGLE (Groundball, 25, EV 70.0 MPH) (infield hit)
Victor Ruiz to second
Pitching: RHP Jeff Bliss
Batting: RHB Mike Gifford 0-0: Ball
1-0: Ground out 1-3 (Groundball, P, EV 71.2 MPH)
Bottom of the 8th over - 0 runs, 2 hits, 0 errors, 2 left on base; Round Rock 2 - Scranton WB 2
TOP OF THE 9TH
Round Rock Express batting - Pitching for Scranton WB RailRiders : RHP Ray Richards
Pitching: RHP John Robidoux
Batting: RHB Bobby Keithley 0-0: Reached on error, E6 (Groundball, 6, EV 85.6 MPH)
Batting: SHB Alvare Bairro 0-0: Sac Bunt to 2R - play at first, batter OUT! 2-3
Bobby Keithley to second
Batting: RHB Casey Semenza 0-0: Intentional Walk
Batting: RHB Andy Wasierski 0-0: Ball
1-0: Ball
2-0: Called Strike
2-1: Foul Ball, location: 2F
2-2: Ball
3-2: Base on Balls
Bobby Keithley to third
Casey Semenza to second
Batting: LHB Alejandro Soriano 0-0: SINGLE (Groundball, 4, EV 103.8 MPH) (infield hit)
Bobby Keithley scores
Casey Semenza to third
Andy Wasierski to second
Batting: RHB Kurt Wagner 0-0: Foul Ball, location: 2F
0-1: Ball
1-1: Swinging Strike
1-2: Ball
2-2: Ball
3-2: Foul Ball, location: 2F
3-2: Strikes out swinging
Batting: SHB David Simpson 0-0: Ground out 6-3 (Groundball, 6S, EV 93.8 MPH)
Top of the 9th over - 1 run, 1 hit, 1 error, 3 left on base; Round Rock 3 - Scranton WB 2
BOTTOM OF THE 9TH
Scranton WB RailRiders batting - Pitching for Round Rock Express : RHP Jeff Bliss
Pitching: RHP Josh Sabatino
Batting: SHB Joe Fure 0-0: Called Strike
0-1: Ball
1-1: SINGLE (Groundball, 34D, EV 99.4 MPH) (infield hit)
Batting: RHB Johannes Gutermuth 0-0: Ball
1-0: Fly out, F8 (Flyball, 8LM, EV 94.4 MPH)
Pinch Hitting: LHB Dan Morris 0-0: Ball
1-0: Ball
2-0: Called Strike
2-1: Swinging Strike
2-2: Ball
3-2: Foul Ball, location: 2F
3-2: Base on Balls
Joe Fure to second
Batting: RHB Devon Utley 0-0: Ball
1-0: Called Strike
1-1: Called Strike
1-2: Foul Ball, location: 2F
1-2: Grounds into double play, 6-4-3 (Groundball, 6, EV 83.8 MPH)
Bottom of the 9th over - 0 runs, 1 hit, 0 errors, 1 left on base; Round Rock 3 - Scranton WB 2
Thursday, December 15th , 2022 - OOTP Baseball 23.9 Build 102